 Dungeon Crawl Stone Soup version 0.30-a0-166-g5d06c95188 (webtiles) character file.

Game seed: 16204106663564515066

149 qw the Chopper (level 5, -1/32 HPs)
             Began as a Gargoyle Fighter on Sept 28, 2022.
             Slain by a gnoll
             ... wielding a +0 spear
             ... led by a gnoll bouda
              (5 damage)
             ... on level 4 of the Dungeon.
             The game lasted 00:00:53 (2629 turns).

qw the Chopper (Gargoyle Fighter)                   Turns: 2629, Time: 00:00:53

Health: -1/32      AC: 16    Str: 27    XL:     5   Next: 31%
Magic:  5/5        EV:  9    Int:  9    God:
Gold:   143        SH:  4    Dex:  9    Spells: 4/4 levels left

rFire   . . .      SeeInvis .    Y - +1 war axe
rCold   . . .      Faith    .    c - +0 buckler
rNeg    + . .      Spirit   .    b - +0 scale mail
rPois   inf        Reflect  .    (no helmet)
rElec   +          Harm     .    e - +1 cloak
rCorr   .          Rampage  .    l - +2 pair of gloves
Will    .....                    (no boots)
Stlth   ..........               (no amulet)
HPRegen 0.10/turn                k - +6 ring of strength
MPRegen 0.09/turn                (no ring)

@: about to teleport
A: sickness immunity, AC +4, negative energy resistance 1, electricity
resistance, torment resistance 1, petrification resistance
a: no special abilities


You were on level 4 of the Dungeon.
You visited 1 branch of the dungeon, and saw 4 of its levels.

You collected 143 gold pieces.


Innate Abilities, Weirdness & Mutations

You are immune to sickness and miasma.
Your stone body is resilient. (AC +4)
You are immune to poison.
You resist negative energy. (rN+)
You are resistant to electric shocks. (rElec)
You are resistant to unholy torment.
You are immune to petrification.


   Skills:
 - Level 3.2 Fighting
 + Level 4.9 Axes
 - Level 3.2 Armour
 - Level 3.2 Shields


You had 4 spell levels left.
You didn't know any spells.
Your spell library was empty.

Inventory:

Hand Weapons
 q - a +0 flail
 Y - a +1 war axe (weapon)
Missiles
 h - 5 boomerangs (quivered)
Armour
 b - a +0 scale mail (worn)
 c - a +0 buckler (worn)
 e - a +1 cloak (worn)
 l - a +2 pair of gloves (worn)
Jewellery
 k - a +6 ring of strength (left hand)
Scrolls
 a - 2 scrolls of identify
 f - a scroll of vulnerability {unknown}
 i - a scroll of teleportation
Potions
 d - a potion of might
 m - a potion of heal wounds

Dungeon Overview and Level Annotations

Branches:
Dungeon (4/15)
 Temple: D:4-7

Altars:


Message History

The gnoll bouda barks out a call to the hunt!
The gnolls pick up the pace!
Enter note: You hit the gnoll bouda but do no damage.
You hit the gnoll. x2
The gnoll barely misses you. You block the gnoll's attack. x2
The gnoll bouda barely misses you. The gnoll hits you with a +0 whip.
You hit the gnoll.
The gnoll is almost dead.
You slash the gnoll! You hit the gnoll bouda.
You hit the gnoll but do no damage. You block the gnoll's attack.
The gnoll hits you but does no damage. x2
The gnoll bouda closely misses you. The gnoll barely misses you.
The gnoll bouda hits you with a +0 club.
The gnoll hits you but does no damage. The gnoll closely misses you.
The gnoll barely misses you.
You barely miss the gnoll.
The gnoll is almost dead.
You barely miss the gnoll. You slash the gnoll!
You kill the gnoll!
You hit the gnoll bouda. You block the gnoll's attack.
The gnoll closely misses you.
The gnoll bouda hits you but does no damage.
The gnoll hits you but does no damage.
You barely miss the gnoll.
The gnoll is almost dead.
You closely miss the giant cockroach. You hit the gnoll.
You hit the gnoll bouda but do no damage.
You block the giant cockroach's attack. The gnoll barely misses you.
The gnoll hits you with a +0 halberd. The gnoll hits you but does no damage.
The gnoll bouda calls upon its god to heal the gnoll.
The gnoll is healed somewhat.
The giant cockroach bites you but does no damage.
2629 ||| READING 2 scrolls of teleportation.
As you read the scroll of teleportation, it crumbles to dust.
You feel strangely unstable. The gnoll barely misses you.
The gnoll hits you with a +0 whip.
The gnoll bouda hits you with a +0 club.
The gnoll hits you from afar with a +0 spear.
You die...

#.........#
#.........# #
#.........##.
#...).......
.#.........#
...........#
......Bg)g.#
#....g@g..#
###.#######


You could see a gnoll bouda, 3 gnolls and a giant cockroach.

Vanquished Creatures
  A hound (D:4)
  An orc wizard (D:4)
  A gnoll (D:4)
  An adder (D:3)
  An ufetubus (D:3)
  A dart slug (D:1)
  4 orcs
  4 ball pythons
  5 endoplasms
  A giant cockroach (D:1)
  6 goblins
  4 hobgoblins
  4 jackals (D:3)
  8 kobolds
  3 quokkas (D:1)
  7 bats
  2 frilled lizards (D:1)
  5 rats
  A spectral goblin (D:1)
60 creatures vanquished.

Notes
Turn   | Place    | Note
-------+----------+-------------------------------------------
     0 | D:1      | qw the Gargoyle Fighter began the quest for the Orb.
     0 | D:1      | Reached XP level 1. HP: 14/14 MP: 1/1
     0 | D:1      | 0 ||| qw: Version: 0.2-a-12-gaebbb33
     0 | D:1      | 0 ||| qw: Game counter: 971
     0 | D:1      | 0 ||| qw: Always use a shield: true
     0 | D:1      | 0 ||| qw: God list: Okawaru
     0 | D:1      | 0 ||| qw: Allow faded altars: false
     0 | D:1      | 0 ||| qw: Do Orc after D:15 true
     0 | D:1      | 0 ||| qw: Do second Lair branch before Depths: true
     0 | D:1      | 0 ||| qw: Lair rune preference: random
     0 | D:1      | 0 ||| qw: Plans: Normal, Zot:1-4, God:TSO, Crypt, Tomb,
                  | Pan, Slime:5, Hells, Abyss, Orb
     0 | D:1      | 0 ||| PLANNING D:1-11
    84 | D:1      | 84 ||| Stepping ~*~*~tactically~*~*~ (hiding).
    96 | D:1      | Reached skill level 2 in Axes
   305 | D:1      | Reached XP level 2. HP: 19/19 MP: 2/2
   325 | D:1      | 325 ||| Stepping ~*~*~tactically~*~*~ (stealth).
   357 | D:1      | 357 ||| Stepping ~*~*~tactically~*~*~ (stealth).
   418 | D:1      | 418 ||| Stepping ~*~*~tactically~*~*~ (stealth).
   435 | D:1      | Found a faded altar of an unknown god.
   613 | D:1      | 613 ||| Stepping ~*~*~tactically~*~*~ (stealth).
   665 | D:1      | Reached skill level 3 in Axes
   716 | D:1      | Reached XP level 3. HP: 23/23 MP: 3/3
   718 | D:1      | 718 ||| DROPPING +0 club.
   944 | D:1      | 944 ||| UPGRADING to +0 cloak.
   949 | D:1      | 949 ||| UPGRADING to +2 pair of gloves.
   954 | D:1      | 954 ||| UPGRADING to +6 ring of strength.
   955 | D:1      | 955 ||| READING scroll labelled XYUSTA NEVVEAWK.
   956 | D:1      | 956 ||| READING scroll labelled BETOEJ VITUINN.
   957 | D:1      | 957 ||| READING 2 scrolls labelled PORUISI GUMYXY.
   961 | D:1      | 961 ||| READING scroll labelled WYECKO BEDANN.
   962 | D:1      | 962 ||| READING scroll labelled IPLUCE ZOAWKE.
  1705 | D:2      | 1705 ||| READING 2 scrolls labelled LEOVVA YRGHOOD.
  1706 | D:2      | 1706 ||| READING scroll labelled JOXTUF HADOS.
  1707 | D:2      | 1707 ||| DRINKING 2 metallic cyan potions.
  2084 | D:3      | 2084 ||| Stepping ~*~*~tactically~*~*~ (stealth).
  2093 | D:3      | Reached XP level 4. HP: 28/28 MP: 4/4
  2221 | D:3      | Reached skill level 4 in Axes
  2433 | D:3      | 2433 ||| DROPPING +0 whip.
  2434 | D:3      | 2434 ||| READING 2 scrolls labelled NOEBIR SIHOURO.
  2435 | D:3      | 2435 ||| READING scroll of enchant armour.
  2435 | D:3      | 2435 ||| ENCHANTING +0 cloak.
  2436 | D:3      | 2436 ||| READING scroll labelled VIENE AHY DIY.
  2437 | D:3      | 2437 ||| READING scroll labelled HEMOAXEJEYFA.
  2438 | D:3      | 2438 ||| DRINKING 2 white potions.
  2439 | D:3      | 2439 ||| READING 3 scrolls of identify.
  2439 | D:3      | 2439 ||| IDENTIFYING puce potion
  2440 | D:3      | 2440 ||| DROPPING potion of berserk rage.
  2441 | D:3      | 2441 ||| DROPPING potion of flight.
  2483 | D:4      | 2483 ||| Stepping ~*~*~tactically~*~*~ (stealth).
  2488 | D:4      | 2488 ||| Stepping ~*~*~tactically~*~*~ (stealth).
  2599 | D:4      | Noticed an ogre
  2601 | D:4      | Noticed a sky beast
  2607 | D:4      | Reached XP level 5. HP: 15/32 MP: 5/5
  2608 | D:4      | 2608 ||| Stepping ~*~*~tactically~*~*~ (stealth).
  2609 | D:4      | 2609 ||| FLEEEEING.
  2619 | D:4      | HP: 8/32 [sky beast (1)]
  2620 | D:4      | 2620 ||| READING 3 scrolls of teleportation.
  2621 | D:4      | 2621 ||| DRINKING 2 potions of heal wounds.
  2628 | D:4      | HP: 7/32 [gnoll/+0 halberd[a gnoll bouda] (6)]
  2629 | D:4      | 2629 ||| READING 2 scrolls of teleportation.
  2629 | D:4      | Slain by a gnoll

Levels and vault maps discovered:
D:1:      denvon_arrival_planthouse, layout_loops_ring,
          dreamdust_ecumenical_altar_drowned_temple
D:2:      layout_loops_ring, grunt_decor_one_mirror, hangedman_decor_push
D:3:      layout_basic, serial_aquarium, aquarium_bridge_straight
          [aquarium_subvault_bridge, aquarium_subvault_wall,
          aquarium_subvault_bridge, aquarium_subvault_balcony],
          aquarium_window_corridor_3, aquarium_window_corner, aquarium_view_2a,
          aquarium_view_2e, aquarium_balcony_5a, minmay_misc_feat_room
D:4:      layout_loops_ring, minivault_25

Skill      XL: |  1  2  3  4 |
---------------+-------------+-----
Axes           | 2 3 4 |  4.9
Fighting       | |  3.2
Armour         | |  3.2
Shields        | |  3.2

Action                   |  1- 3 |  4- 6 || total
-------------------------+-------+-------++-------
Melee: War axe           |   101 |    57 ||   158
Throw: Boomerang         |    51 |     3 ||    54
  Use: Scroll            |     7 |     7 ||    14
       Potion            |     1 |     2 ||     3
Armor: Scale mail        |    64 |    48 ||   112
Dodge: Dodged            |    39 |    30 ||    69
Block: Buckler           |    17 |    14 ||    31

Table legend:
 A = Non-vault XP
 B = Vault XP
 C = Vault XP percentage of total XP
 D = Non-vault monster count
 E = Vault monster count
 F = Vault count percentage of total count
                 A         B        C        D         E       F
            +---------+---------+-------+---------+---------+-------
      Total |     212 |       1 |   0.5 |      59 |       1 |   1.7
            +---------+---------+-------+---------+---------+-------
        D:1 |      39 |       1 |   2.5 |      23 |       1 |   4.2
        D:2 |      23 |       0 |   0.0 |      14 |       0 |   0.0
        D:3 |      45 |       0 |   0.0 |      15 |       0 |   0.0
        D:4 |     105 |       0 |   0.0 |       7 |       0 |   0.0
            +---------+---------+-------+---------+---------+-------
